TOP OF THE 1ST |
Fresno State University Bulldogs batting - Pitching for Stanford University Cardinal : RHP Ray Fogle
|
Pitching: RHP Ray Fogle
|
|
Batting: RHB Sinfronio Carreon
|
0-0: Foul Ball, location: 2F 0-1: Ball 1-1: Called Strike 1-2: Foul Ball, location: 2F 1-2: Ball 2-2: Strikes out swinging
|
Batting: RHB Tony Nowak
|
0-0: Ball 1-0: Ball 2-0: Swinging Strike 2-1: Fly out, F9 (Flyball, 9S, EV 94.4 MPH)
|
Batting: RHB Sandy Munoz
|
0-0: Foul Ball, location: 2F 0-1: Swinging Strike 0-2: Ball 1-2: Strikes out looking
|
Top of the 1st over - 0 runs, 0 hits, 0 errors, 0 left on base; Fresno State University 0 - Stanford University 0 |
BOTTOM OF THE 1ST |
Stanford University Cardinal batting - Pitching for Fresno State University Bulldogs : RHP Dave Heck
|
Pitching: RHP Dave Heck
|
|
Batting: RHB Joe Gabriel
|
0-0: Ball 1-0: Ball 2-0: Reached on error, E1 (Groundball, P, EV 43.8 MPH)
|
Batting: RHB Gary Preston
|
0-0: Ball 1-0: Ball 2-0: Called Strike 2-1: Foul Ball, location: 2F 2-2: Ball 3-2: Strikes out looking
|
Batting: LHB Donny Kleinjan
|
0-0: Ball 1-0: Called Strike 1-1: Foul Ball, location: 2F 1-2: SINGLE (Groundball, 4MD, EV 96.9 MPH) Joe Gabriel to third Runner from 3rd tries for Home, throw by CF and OUT! 8-2 Donny Kleinjan to second
|
Batting: RHB Joe Petley
|
0-0: Ball 1-0: Foul Ball, location: 2F 1-1: Ball 2-1: Called Strike 2-2: Ball 3-2: Base on Balls
|
Batting: LHB Bryan Davidson
|
0-0: Ball 1-0: Called Strike 1-1: Ball 2-1: Swinging Strike 2-2: Foul Ball, location: 2F 2-2: Strikes out swinging
|
Bottom of the 1st over - 0 runs, 1 hit, 1 error, 2 left on base; Fresno State University 0 - Stanford University 0 |
TOP OF THE 2ND |
Fresno State University Bulldogs batting - Pitching for Stanford University Cardinal : RHP Ray Fogle
|
Batting: LHB Abraham Batista
|
0-0: Foul Ball, location: 2F 0-1: Ball 1-1: Ground out 6-3 (Groundball, 6M, EV 111.9 MPH)
|
Batting: RHB Danilo Baldia
|
0-0: Ball 1-0: SINGLE (Line Drive, 78S, EV 106.9 MPH)
|
Batting: LHB Brad Benanti
|
0-0: Foul Ball, location: 2F 0-1: Foul Ball, location: 2F 0-2: Ball 1-2: Strikes out looking
|
Batting: LHB Moktar Ame
|
0-0: Ball 1-0: Foul Ball, location: 2F 1-1: Called Strike 1-2: Ball 2-2: Strikes out looking
|
Top of the 2nd over - 0 runs, 1 hit, 0 errors, 1 left on base; Fresno State University 0 - Stanford University 0 |
BOTTOM OF THE 2ND |
Stanford University Cardinal batting - Pitching for Fresno State University Bulldogs : RHP Dave Heck
|
Batting: RHB Josh Benefield
|
0-0: SINGLE (Groundball, 4MD, EV 107.5 MPH)
|
Batting: LHB Caleb Hartwell
|
0-0: Ball 1-0: Called Strike 1-1: Foul Ball, location: 2F 1-2: Ball 2-2: Fly out, F8 (Flyball, 78D, EV 98.8 MPH)
|
Batting: RHB Dzevat Koljevic
|
0-0: Ball 1-0: Fly out, F4 (Popup, 3, EV 70.0 MPH)
|
Batting: RHB Ted Hickey
|
0-0: Foul Ball, location: 2F 0-1: Called Strike Josh Benefield steals 2nd base 0-2: Foul Ball, location: 2F 0-2: Strikes out swinging, 2-3 out at first.
|
Bottom of the 2nd over - 0 runs, 1 hit, 0 errors, 1 left on base; Fresno State University 0 - Stanford University 0 |
TOP OF THE 3RD |
Fresno State University Bulldogs batting - Pitching for Stanford University Cardinal : RHP Ray Fogle
|
Batting: RHB Ryan Roberts
|
0-0: SINGLE (Groundball, 4MD, EV 103.8 MPH)
|
Batting: RHB John Chapman
|
0-0: Ball 1-0: Grounds into double play, 5-4-3 (Groundball, 56, EV 84.4 MPH)
|
Batting: RHB Sinfronio Carreon
|
0-0: Ground out 5-3 (Groundball, 56S, EV 65.0 MPH)
|
Top of the 3rd over - 0 runs, 1 hit, 0 errors, 0 left on base; Fresno State University 0 - Stanford University 0 |
BOTTOM OF THE 3RD |
Stanford University Cardinal batting - Pitching for Fresno State University Bulldogs : RHP Dave Heck
|
Batting: RHB Joe Gabriel
|
0-0: Ball 1-0: Ball 2-0: Ground out 2-3 (Groundball, 2L, EV 66.2 MPH)
|
Batting: RHB Gary Preston
|
0-0: Ball 1-0: Foul Ball, location: 2F 1-1: Ball 2-1: Swinging Strike 2-2: Ground out 5-3 (Groundball, 56S, EV 68.8 MPH)
|
Batting: LHB Donny Kleinjan
|
0-0: Called Strike 0-1: Swinging Strike 0-2: Ball 1-2: SINGLE (Line Drive, 78S, EV 105.0 MPH)
|
Batting: RHB Joe Petley
|
0-0: Fielders Choice at 2nd, 5-4 (Groundball, 56, EV 98.1 MPH)
|
Bottom of the 3rd over - 0 runs, 1 hit, 0 errors, 1 left on base; Fresno State University 0 - Stanford University 0 |
TOP OF THE 4TH |
Fresno State University Bulldogs batting - Pitching for Stanford University Cardinal : RHP Ray Fogle
|
Batting: RHB Tony Nowak
|
0-0: Ball 1-0: Foul Ball, location: 2F 1-1: Foul Ball, location: 2F 1-2: Ball 2-2: Ball 3-2: Foul Ball, location: 2F 3-2: Fly out, F7 (Flyball, 7, EV 79.4 MPH)
|
Batting: RHB Sandy Munoz
|
0-0: Called Strike 0-1: Called Strike 0-2: Ball 1-2: Ball 2-2: Ball 3-2: Foul Ball, location: 2F 3-2: Fly out, F8 (Line Drive, 8RD, EV 94.4 MPH)
|
Batting: LHB Abraham Batista
|
0-0: Foul Ball, location: 2F 0-1: Called Strike 0-2: SINGLE (Groundball, 4, EV 96.9 MPH)
|
Batting: RHB Danilo Baldia
|
0-0: SINGLE (Line Drive, 89S, EV 111.2 MPH) Abraham Batista to second
|
Batting: LHB Brad Benanti
|
0-0: Ball 1-0: Foul Ball, location: 2F 1-1: Ball 2-1: Called Strike 2-2: Foul Ball, location: 2F 2-2: SINGLE (Line Drive, 34D, EV 103.1 MPH) Abraham Batista to third Danilo Baldia to second
|
Batting: LHB Moktar Ame
|
0-0: Foul Ball, location: 2F 0-1: Called Strike 0-2: Strikes out looking
|
Top of the 4th over - 0 runs, 3 hits, 0 errors, 3 left on base; Fresno State University 0 - Stanford University 0 |
BOTTOM OF THE 4TH |
Stanford University Cardinal batting - Pitching for Fresno State University Bulldogs : RHP Dave Heck
|
Batting: LHB Bryan Davidson
|
0-0: Called Strike 0-1: Ball 1-1: Ball 2-1: Swinging Strike 2-2: Ground out 2-3 (Groundball, 13S, EV 62.5 MPH)
|
Batting: RHB Josh Benefield
|
0-0: Foul Ball, location: 2F 0-1: Swinging Strike 0-2: Strikes out looking
|
Batting: LHB Caleb Hartwell
|
0-0: Called Strike 0-1: Foul Ball, location: 2F 0-2: Strikes out swinging
|
Bottom of the 4th over - 0 runs, 0 hits, 0 errors, 0 left on base; Fresno State University 0 - Stanford University 0 |
TOP OF THE 5TH |
Fresno State University Bulldogs batting - Pitching for Stanford University Cardinal : RHP Ray Fogle
|
Pitching: RHP Eddie Georges
|
|
Batting: RHB Ryan Roberts
|
0-0: Ball 1-0: Fly out, F7 (Line Drive, 78M, EV 90.0 MPH)
|
Batting: RHB John Chapman
|
0-0: Swinging Strike 0-1: Foul Ball, location: 2F 0-2: Strikes out swinging, 2-3 out at first.
|
Batting: RHB Sinfronio Carreon
|
0-0: Ball 1-0: Swinging Strike 1-1: Ground out U3 (Groundball, 34S, EV 82.5 MPH)
|
Top of the 5th over - 0 runs, 0 hits, 0 errors, 0 left on base; Fresno State University 0 - Stanford University 0 |
BOTTOM OF THE 5TH |
Stanford University Cardinal batting - Pitching for Fresno State University Bulldogs : RHP Dave Heck
|
Pitching: RHP Eric Wallace
|
|
Now at C: Victor Rangel
|
|
Now in LF: Gabriel Diaz
|
|
Now in RF: Sandy Munoz
|
|
Batting: RHB Dzevat Koljevic
|
0-0: Ball 1-0: Ground out 4-3 (Groundball, 4, EV 86.2 MPH)
|
Batting: RHB Ted Hickey
|
0-0: Called Strike 0-1: Called Strike 0-2: Ground out 3-1 (Groundball, 13, EV 85.0 MPH)
|
Batting: RHB Joe Gabriel
|
0-0: Fly out, F8 (Line Drive, 89M, EV 92.5 MPH)
|
Bottom of the 5th over - 0 runs, 0 hits, 0 errors, 0 left on base; Fresno State University 0 - Stanford University 0 |
TOP OF THE 6TH |
Fresno State University Bulldogs batting - Pitching for Stanford University Cardinal : RHP Eddie Georges
|
Pitching: LHP Carlton Hookway
|
|
Batting: RHB Victor Rangel
|
0-0: Ball 1-0: Called Strike 1-1: Ground out 6-3 (Groundball, 6, EV 95.6 MPH)
|
Pinch Hitting: LHB Ollie Strauss
|
0-0: Ball 1-0: Foul Ball, location: 2F 1-1: Ball 2-1: SOLO HOME RUN (Flyball, 7LD, EV 98.1 MPH), Distance : 384 ft
|
Batting: RHB Greg Meyer
|
0-0: Foul Ball, location: 2F 0-1: Ball 1-1: Swinging Strike 1-2: Ball 2-2: Strikes out looking
|
Batting: RHB Danilo Baldia
|
0-0: Swinging Strike 0-1: Swinging Strike 0-2: Ball 1-2: Fly out, F9 (Flyball, 89M, EV 93.1 MPH)
|
Top of the 6th over - 1 run, 1 hit, 0 errors, 0 left on base; Fresno State University 1 - Stanford University 0 |
BOTTOM OF THE 6TH |
Stanford University Cardinal batting - Pitching for Fresno State University Bulldogs : RHP Eric Wallace
|
Pitching: RHP Cody Sharp
|
|
Now at 1B: Charles Shaw
|
|
Now in CF: Gary Christianson
|
|
Now in RF: Moktar Ame
|
|
Batting: RHB Gary Preston
|
0-0: Swinging Strike 0-1: Ball 1-1: Ball 2-1: Swinging Strike 2-2: Strikes out swinging
|
Batting: LHB Donny Kleinjan
|
0-0: Fly out, F7 (Flyball, 7LM, EV 90.6 MPH)
|
Batting: RHB Joe Petley
|
0-0: SINGLE (Flyball, 3D, EV 83.1 MPH)
|
Batting: LHB Andy Swan
|
0-0: Foul Ball, location: 2F 0-1: Ball 1-1: Foul Ball, location: 2F 1-2: Strikes out swinging
|
Bottom of the 6th over - 0 runs, 1 hit, 0 errors, 1 left on base; Fresno State University 1 - Stanford University 0 |
TOP OF THE 7TH |
Fresno State University Bulldogs batting - Pitching for Stanford University Cardinal : LHP Carlton Hookway
|
Pitching: RHP Steven Townsend
|
|
Batting: RHB Charles Shaw
|
0-0: Ball 1-0: SOLO HOME RUN (Line Drive, 9D, EV 99.4 MPH), Distance : 378 ft
|
Batting: LHB Moktar Ame
|
0-0: Called Strike 0-1: Ball 1-1: Foul Ball, location: 2F 1-2: Foul Ball, location: 2F 1-2: Foul Ball, location: 2F 1-2: Strikes out swinging
|
Batting: RHB Gabriel Diaz
|
0-0: Ball 1-0: Ball 2-0: Called Strike 2-1: Ball 3-1: Swinging Strike 3-2: Foul Ball, location: 2F 3-2: Strikes out swinging
|
Batting: RHB John Chapman
|
0-0: Called Strike 0-1: Swinging Strike 0-2: Ball 1-2: SINGLE (Flyball, 56D, EV 85.0 MPH)
|
Batting: RHB Sinfronio Carreon
|
0-0: Ground out 1-3 (Groundball, 13S, EV 64.4 MPH)
|
Top of the 7th over - 1 run, 2 hits, 0 errors, 1 left on base; Fresno State University 2 - Stanford University 0 |
BOTTOM OF THE 7TH |
Stanford University Cardinal batting - Pitching for Fresno State University Bulldogs : RHP Cody Sharp
|
Pitching: RHP Brent Liss
|
|
Pinch Hitting: LHB Mike Keating
|
0-0: Ball 1-0: Ball 2-0: Ball 3-0: Base on Balls
|
Batting: LHB Caleb Hartwell
|
0-0: TRIPLE (Flyball, 78XD, EV 100.6 MPH) Mike Keating scores
|
Pinch Hitting: RHB John Van der Linden
|
0-0: Called Strike 0-1: Foul Ball, location: 2F 0-2: Strikes out looking
|
Batting: RHB Ted Hickey
|
0-0: Foul Ball, location: 2F 0-1: Fly out, F9 (Flyball, 9, EV 92.5 MPH) Runner from 3rd tags up, SCORES, throw by RF
|
Batting: RHB Joe Gabriel
|
0-0: SINGLE (Line Drive, 78S, EV 106.2 MPH)
|
Batting: RHB Gary Preston
|
0-0: Fly out, F7 (Flyball, 7S, EV 74.4 MPH)
|
Bottom of the 7th over - 2 runs, 2 hits, 0 errors, 1 left on base; Fresno State University 2 - Stanford University 2 |
TOP OF THE 8TH |
Fresno State University Bulldogs batting - Pitching for Stanford University Cardinal : RHP Steven Townsend
|
Pitching: RHP John Hollinger
|
|
Now at 2B: John Van der Linden
|
|
Now in LF: Mike Keating
|
|
Now in RF: Caleb Hartwell
|
|
Batting: RHB Victor Rangel
|
0-0: Ball 1-0: SINGLE (Line Drive, 8RS, EV 95.6 MPH)
|
Batting: SHB Gary Christianson
|
0-0: Ball 1-0: Foul Ball, location: 2F 1-1: Ball 2-1: Ball 3-1: Base on Balls Victor Rangel to second
|
Batting: RHB Greg Meyer
|
0-0: Swinging Strike 0-1: Ball 1-1: Ball 2-1: Grounds into double play, 5-4-3 (Groundball, 15, EV 85.6 MPH) Victor Rangel to third
|
Batting: RHB Danilo Baldia
|
0-0: Foul Ball, location: 2F 0-1: Ball 1-1: Fly out, F8 (Flyball, 89M, EV 87.5 MPH)
|
Top of the 8th over - 0 runs, 1 hit, 0 errors, 1 left on base; Fresno State University 2 - Stanford University 2 |
BOTTOM OF THE 8TH |
Stanford University Cardinal batting - Pitching for Fresno State University Bulldogs : RHP Brent Liss
|
Pitching: LHP Denis van de Kolk
|
|
Pinch Hitting: LHB Chien Sam
|
0-0: Ball 1-0: Foul Ball, location: 2F 1-1: Ball 2-1: Ball 3-1: Foul Ball, location: 2F 3-2: Ground out 6-3 (Groundball, 6, EV 86.9 MPH)
|
Pitching: RHP Antonio Levario
|
|
Batting: RHB Joe Petley
|
0-0: Ball 1-0: Ball 2-0: Foul Ball, location: 2F 2-1: Foul Ball, location: 2F 2-2: Ball 3-2: Foul Ball, location: 2F 3-2: Foul Ball, location: 2F 3-2: Strikes out swinging
|
Batting: LHB Andy Swan
|
0-0: Called Strike 0-1: Ball 1-1: Ball 2-1: Foul Ball, location: 2F 2-2: Ball 3-2: Base on Balls
|
Pitching: RHP Milojica Mrdja
|
|
Batting: LHB Mike Keating
|
0-0: Ball 1-0: Swinging Strike 1-1: Foul Ball, location: 2F 1-2: Ball 2-2: Ball 3-2: Strikes out swinging
|
Bottom of the 8th over - 0 runs, 0 hits, 0 errors, 1 left on base; Fresno State University 2 - Stanford University 2 |
TOP OF THE 9TH |
Fresno State University Bulldogs batting - Pitching for Stanford University Cardinal : RHP John Hollinger
|
Pitching: LHP Joe Alverson
|
|
Now at 1B: Chien Sam
|
|
Batting: RHB Charles Shaw
|
0-0: Swinging Strike 0-1: Swinging Strike 0-2: Reached via error on a dropped throw from 3B, E3 (Groundball, 5, EV 85.6 MPH)
|
Batting: LHB Moktar Ame
|
0-0: Sac Bunt to 2L - play at first, batter OUT! 2-3 Charles Shaw to second
|
Batting: RHB Gabriel Diaz
|
0-0: Ball 1-0: Foul Ball, location: 2F 1-1: Ball 2-1: Ground out 5-3 (Groundball, 56S, EV 68.1 MPH) Charles Shaw to third
|
Batting: RHB John Chapman
|
0-0: Called Strike 0-1: Ball 1-1: Foul Ball, location: 2F 1-2: Strikes out looking
|
Top of the 9th over - 0 runs, 0 hits, 1 error, 1 left on base; Fresno State University 2 - Stanford University 2 |
BOTTOM OF THE 9TH |
Stanford University Cardinal batting - Pitching for Fresno State University Bulldogs : RHP Milojica Mrdja
|
Pitching: RHP Marcos Caldera
|
|
Batting: LHB Caleb Hartwell
|
0-0: Foul Ball, location: 2F 0-1: Ground out 4-3 (Groundball, 4, EV 96.9 MPH)
|
Batting: RHB John Van der Linden
|
0-0: Ball 1-0: DOUBLE (Flyball, 89XD, EV 114.4 MPH)
|
Batting: RHB Ted Hickey
|
0-0: Ball 1-0: Swinging Strike 1-1: Ball 2-1: Ball 3-1: Foul Ball, location: 2F 3-2: Base on Balls
|
Batting: RHB Joe Gabriel
|
0-0: Foul Ball, location: 2F 0-1: Ball 1-1: Ball 2-1: Ball 3-1: Called Strike 3-2: Foul Ball, location: 2F 3-2: Foul Ball, location: 2F 3-2: Grounds into double play, 1-6-3 (Groundball, 13S, EV 65.6 MPH)
|
Bottom of the 9th over - 0 runs, 1 hit, 0 errors, 1 left on base; Fresno State University 2 - Stanford University 2 |
TOP OF THE 10TH |
Fresno State University Bulldogs batting - Pitching for Stanford University Cardinal : LHP Joe Alverson
|
Pitching: RHP Dante Verduzco
|
|
Batting: RHB Sinfronio Carreon
|
0-0: Ball 1-0: Ball 2-0: Ball 3-0: Called Strike 3-1: Base on Balls
|
Batting: RHB Victor Rangel
|
0-0: Ball 1-0: Foul Ball, location: 2F 1-1: Ball 2-1: Swinging Strike 2-2: Ball 3-2: Foul Ball, location: 2F 3-2: Strikes out looking Sinfronio Carreon steals 2nd base Batter strikes out.
|
Batting: SHB Gary Christianson
|
0-0: DOUBLE (Line Drive, 89D, EV 110.0 MPH) Sinfronio Carreon scores
|
Batting: SHB Carlton Stannard
|
0-0: Intentional Walk
|
Batting: RHB Danilo Baldia
|
0-0: Foul Ball, location: 2F 0-1: Called Strike 0-2: Strikes out swinging
|
Batting: RHB Charles Shaw
|
0-0: Called Strike 0-1: Foul Ball, location: 2F 0-2: DOUBLE (Line Drive, 89XD, EV 113.8 MPH) Gary Christianson scores Carlton Stannard to third
|
Batting: LHB Moktar Ame
|
0-0: Ball 1-0: Foul Ball, location: 2F 1-1: Fly out, F8 (Flyball, 8LM, EV 91.2 MPH)
|
Top of the 10th over - 2 runs, 2 hits, 0 errors, 2 left on base; Fresno State University 4 - Stanford University 2 |
BOTTOM OF THE 10TH |
Stanford University Cardinal batting - Pitching for Fresno State University Bulldogs : RHP Marcos Caldera
|
Pitching: RHP Alex Gutierrez
|
|
Pinch Hitting: RHB Mike Gard
|
0-0: Called Strike 0-1: Ball 1-1: Ball 2-1: Fly out, F9 (Flyball, 9, EV 78.1 MPH)
|
Batting: LHB Chien Sam
|
0-0: Ball 1-0: Ball 2-0: Called Strike 2-1: Ball 3-1: Base on Balls
|
Batting: RHB Joe Petley
|
0-0: Ball 1-0: Ball 2-0: Swinging Strike 2-1: Grounds into double play, 5-4-3 (Groundball, 5, EV 82.5 MPH)
|
Bottom of the 10th over - 0 runs, 0 hits, 0 errors, 0 left on base; Fresno State University 4 - Stanford University 2 |
|